[Event "III Duchamp Open 2019"]
[Site "Rio de Janeiro"]
[Date "2019.12.13"]
[Round "9.3"]
[White "Aranha Filho, Alvaro Z."]
[Black "Alonso, Salvador"]
[Result "0-1"]
[ECO "D10"]
[WhiteElo "2304"]
[BlackElo "2481"]
[Annotator "ChessBase"]
[PlyCount "100"]
[EventDate "2019.12.07"]
[EventType "swiss"]
[EventCountry "BRA"]
[SourceTitle "playchess.com"]
[Source "ChessBase"]
[SourceQuality "1"]
[TimeControl "40/5400+30:1800+30"]

1. d4 d5 2. c4 c6 3. Nf3 Nf6 4. cxd5 cxd5 5. Nc3 Nc6 6. e3 a6 7. Ne5 e6 8. f4 Bd6 9. Bd3 Ne7 10. O-O b5 11. Bd2 O-O 12. a3 Bb7 13. Qf3 Rc8 14. Be1 b4 15. axb4 Bxb4 16. Bh4 Ng6 17. Bg5 Bxc3 18. bxc3 Rxc3 19. Qh3 Qc8 20. f5 Nxe5 21. dxe5 Rxd3 22. exf6 d4 23. fxg7 Re8 24. f6 dxe3 25. Rac1 Qd7 26. Bxe3 Qd5 27. Rce1 a5 28. Qg3 a4 29. Rf4 a3 30. Rh4 Qf5 31. Rf1 a2 32. Rxf5 exf5 33. Ra4 Rdxe3 34. Qc7 Re1+ 35. Kf2 R1e2+ 36. Kg3 Rxg2+ 37. Kh3 a1=Q 38. Rxa1 Re3+ 39. Qg3 Rgxg3+ 40. hxg3 Re6 41. Rb1 Bc8 42. Rc1 Re8 43. Kh4 h6 44. Kh5 Kh7 45. Rc7 Re1 46. g8=Q+ Kxg8 47. Kxh6 Rh1+ 48. Kg5 Be6 49. Rc3 Kh7 50. Ra3 Rh6 0-1

[Event "III Duchamp Open 2019"]
[Site "Rio de Janeiro"]
[Date "2019.12.13"]
[Round "9.4"]
[White "Perdomo, Leandro"]
[Black "Supi, Luis Paulo"]
[Result "1/2-1/2"]
[ECO "D59"]
[WhiteElo "2474"]
[BlackElo "2578"]
[Annotator "ChessBase"]
[PlyCount "85"]
[EventDate "2019.12.07"]
[EventType "swiss"]
[EventCountry "BRA"]
[SourceTitle "playchess.com"]
[Source "ChessBase"]
[SourceQuality "1"]
[TimeControl "40/5400+30:1800+30"]

1. d4 d5 2. c4 e6 3. Nc3 Be7 4. Nf3 Nf6 5. Bg5 h6 6. Bh4 O-O 7. e3 b6 8. cxd5 Nxd5 9. Bxe7 Qxe7 10. Nxd5 exd5 11. Rc1 Be6 12. Qa4 c5 13. dxc5 bxc5 14. Qa3 Rc8 15. Be2 Qf8 16. O-O a5 17. Rc3 Nd7 18. Rfc1 Rcb8 19. R3c2 a4 20. Qc3 Rb4 21. Ne5 d4 22. exd4 cxd4 23. Qc7 Nxe5 24. Qxe5 Bxa2 25. Bd3 Re8 26. Qf4 Be6 27. h4 Rb3 28. Qe4 g6 29. Re2 Rd8 30. Bc4 Bxc4 31. Rxc4 d3 32. Rd2 a3 33. bxa3 Qxa3 34. Rc6 Rb4 35. Rxg6+ Kf8 36. Qe5 Rb1+ 37. Kh2 fxg6 38. Qf6+ Ke8 39. Qxg6+ Ke7 40. Qh7+ Ke6 41. Qe4+ Kf6 42. Qf4+ Ke7 43. Qe4+ 1/2-1/2

[Event "III Duchamp Open 2019"]
[Site "Rio de Janeiro"]
[Date "2019.12.13"]
[Round "9.5"]
[White "Galego, Luis"]
[Black "Limp, Eduardo Thelio"]
[Result "1/2-1/2"]
[ECO "B30"]
[WhiteElo "2483"]
[BlackElo "2356"]
[Annotator "ChessBase"]
[PlyCount "68"]
[EventDate "2019.12.07"]
[EventType "swiss"]
[EventCountry "BRA"]
[SourceTitle "playchess.com"]
[Source "ChessBase"]
[SourceQuality "1"]
[TimeControl "40/5400+30:1800+30"]

1. e4 c5 2. Nf3 Nc6 3. Nc3 e6 4. g3 d5 5. exd5 exd5 6. d3 Nf6 7. Bg2 d4 8. Ne2 Bd6 9. O-O O-O 10. Bf4 Bxf4 11. Nxf4 Re8 12. h3 Qc7 13. Nd2 Bd7 14. Ne4 Nxe4 15. dxe4 Ne7 16. Qd2 Bc6 17. Rfe1 Rad8 18. c3 Ng6 19. Nd5 Bxd5 20. exd5 dxc3 21. Qxc3 Qd6 22. a4 Kf8 23. a5 Rxe1+ 24. Rxe1 Ne7 25. Qd3 g6 26. Rc1 b6 27. axb6 axb6 28. Ra1 h5 29. h4 Kg8 30. Qb5 Kg7 31. Rb1 Qf6 32. Rd1 Qd6 33. Rb1 Qf6 34. Rd1 Qd6 1/2-1/2

[Event "III Duchamp Open 2019"]
[Site "Rio de Janeiro"]
[Date "2019.12.13"]
[Round "9.7"]
[White "Labussiere, Victor"]
[Black "Di Berardino, Diego Rafael"]
[Result "1-0"]
[ECO "A31"]
[WhiteElo "2295"]
[BlackElo "2489"]
[Annotator "ChessBase"]
[PlyCount "57"]
[EventDate "2019.12.07"]
[EventType "swiss"]
[EventCountry "BRA"]
[SourceTitle "playchess.com"]
[Source "ChessBase"]
[SourceQuality "1"]
[TimeControl "40/5400+30:1800+30"]

1. Nf3 c5 2. c4 Nf6 3. d4 cxd4 4. Nxd4 b6 5. f3 Bb7 6. e4 d6 7. Nc3 e6 8. Be3 Be7 9. Be2 O-O 10. O-O a6 11. Qd2 Qc7 12. Rfc1 Rc8 13. Qe1 Qd8 14. Kh1 Nbd7 15. b3 h5 16. Rc2 h4 17. Qxh4 Nxe4 18. Qh3 Nef6 19. Rd1 Nf8 20. f4 Ne4 21. Bf3 Nxc3 22. Rxc3 Qc7 23. f5 e5 24. Nc2 b5 25. Bxb7 Qxb7 26. Nb4 Nd7 27. Nd5 Bd8 28. Bh6 Bf6 29. Rg3 1-0

[Event "III Duchamp Open 2019"]
[Site "Rio de Janeiro"]
[Date "2019.12.13"]
[Round "9.8"]
[White "Matsuura, Everaldo"]
[Black "Guimaraes, Diogo Duarte"]
[Result "1/2-1/2"]
[ECO "B13"]
[WhiteElo "2448"]
[BlackElo "2322"]
[Annotator "NA"]
[PlyCount "137"]
[EventDate "2019.12.07"]
[EventType "swiss"]
[EventCountry "BRA"]
[SourceTitle "playchess.com"]
[Source "ChessBase"]
[SourceQuality "1"]
[TimeControl "40/5400+30:1800+30"]

1. c4 Nf6 2. Nc3 c6 3. e4 d5 4. exd5 cxd5 5. d4 Nc6 6. Bg5 e6 7. Nf3 Be7 8. c5 O-O 9. Bb5 Bd7 10. Rc1 h6 11. Bf4 Ne4 12. O-O Qa5 13. Bd3 f5 14. Ne5 Nxe5 15. Bxe5 Rac8 16. f3 Nf6 17. Rb1 Qd8 18. b4 Be8 19. Nb5 Bxb5 20. Bxb5 Nd7 21. Bxd7 Qxd7 22. b5 Bf6 23. Re1 Ra8 24. Qc2 Rfc8 25. Bxf6 gxf6 26. Rbc1 Rc7 27. a4 Re8 28. f4 b6 29. c6 Qd6 30. Qd2 Kh7 31. Re2 Qa3 32. Qc2 Qd6 33. g3 h5 34. Rce1 Rce7 35. Qd3 Kh6 36. Qd2 Rg8 37. Kh1 Kg6 38. Re3 Kf7 39. Qe2 Rh8 40. h3 Rh7 41. c7 Rh8 42. Rc3 Ree8 43. Rc6 Qd7 44. Kg2 Kg6 45. Kf3 Re7 46. Qc2 Rc8 47. g4 Kf7 48. gxf5 exf5 49. Rxe7+ Kxe7 50. Kg3 Kf7 51. Qe2 Rxc7 52. Qxh5+ Kg7 53. Kh4 Rxc6 54. bxc6 Qe6 55. Qf3 Qxc6 56. Qg3+ Kh7 57. Qd3 Qe6 58. Qd2 Kh6 59. Kg3 Qc6 60. Qb4 Qe8 61. Kh4 a5 62. Qc3 Qxa4 63. Qc8 Kg7 64. Qc7+ Kg6 65. Qd8 Kf7 66. Qxd5+ Kg6 67. Qg8+ Kh6 68. Qh8+ Kg6 69. Qg8+ {[%emt 0:01:09] b5} 1/2-1/2

[Event "III Duchamp Open 2019"]
[Site "Rio de Janeiro"]
[Date "2019.12.13"]
[Round "9.9"]
[White "Zambrana, Oswaldo"]
[Black "Fernandez, Maria Florencia"]
[Result "1-0"]
[ECO "C04"]
[WhiteElo "2445"]
[BlackElo "2241"]
[Annotator "NA"]
[PlyCount "117"]
[EventDate "2019.12.07"]
[EventType "swiss"]
[EventCountry "BRA"]
[SourceTitle "playchess.com"]
[Source "ChessBase"]
[SourceQuality "1"]
[TimeControl "40/5400+30:1800+30"]

1. e4 e6 2. d4 d5 3. Nd2 Nc6 4. Ngf3 Nf6 5. e5 Nd7 6. Nb3 a5 7. a4 Be7 8. c3 f6 9. exf6 Bxf6 10. Bb5 O-O 11. Bxc6 bxc6 12. Bf4 e5 13. dxe5 Be7 14. Bg3 Qe8 15. O-O Nb6 16. e6 Bxe6 17. Re1 Bg4 18. Qe2 Bd6 19. Qxe8 Rfxe8 20. Rxe8+ Rxe8 21. Bxd6 cxd6 22. Nxa5 Bxf3 23. gxf3 Ra8 24. Nxc6 Rxa4 25. Re1 Ra2 26. b3 Rb2 27. Nd4 Kf7 28. Ra1 Nd7 29. Ra7 Ke8 30. Kg2 g6 31. b4 h5 32. h4 Ne5 33. Nb5 Nc4 34. Kg3 Rb1 35. Nc7+ Kf7 36. Nxd5+ Ke6 37. Nf4+ Kf6 38. Nh3 Ne5 39. f4 Nf7 40. Ng5 Nxg5 41. fxg5+ Ke5 42. Re7+ Kf5 43. Rf7+ Ke5 44. f4+ Kd5 45. Rf6 Rg1+ 46. Kf2 Rg4 47. Kf3 Rxh4 48. c4+ Kxc4 49. Rxd6 Rh1 50. Rxg6 Kd5 51. Rf6 Rh3+ 52. Kf2 Ke4 53. Kg2 Rb3 54. g6 h4 55. b5 Rb2+ 56. Kh3 Kf3 57. Kxh4 Rxb5 58. g7 Rb1 59. Kh5 1-0

[Event "III Duchamp Open 2019"]
[Site "Rio de Janeiro"]
[Date "2019.12.13"]
[Round "9.10"]
[White "Ambartsumova, Karina"]
[Black "Roselli Mailhe, Bernardo"]
[Result "1/2-1/2"]
[ECO "A49"]
[WhiteElo "2341"]
[BlackElo "2442"]
[Annotator "NA"]
[PlyCount "102"]
[EventDate "2019.12.07"]
[EventType "swiss"]
[EventCountry "BRA"]
[SourceTitle "playchess.com"]
[Source "ChessBase"]
[SourceQuality "1"]
[TimeControl "40/5400+30:1800+30"]

1. d4 Nf6 2. Nf3 g6 3. g3 Bg7 4. Bg2 O-O 5. O-O d6 6. b3 a5 7. a4 Nc6 8. Bb2 e5 9. dxe5 Ng4 10. Qc1 Ncxe5 11. Nxe5 Nxe5 12. Rd1 Re8 13. Nd2 c6 14. Nf3 Qb6 15. Nxe5 Bxe5 16. Bxe5 dxe5 17. Qb2 Bf5 18. Qc3 Qb4 19. Qd2 Qc5 20. Rac1 Kg7 21. h3 h5 22. e4 Be6 23. Qd6 Qxd6 24. Rxd6 Red8 25. Rcd1 Rxd6 26. Rxd6 h4 27. gxh4 Rh8 28. Kh2 Rxh4 29. Rd8 Rh8 30. Rxh8 Kxh8 31. Bf1 Kg7 32. Kg3 Kf6 33. h4 Ke7 34. f4 Kd6 35. Bd3 exf4+ 36. Kxf4 f6 37. e5+ fxe5+ 38. Kg5 Bf7 39. Kf6 Be8 40. c4 b6 41. Bc2 b5 42. cxb5 cxb5 43. axb5 Bxb5 44. Bxg6 Be2 45. h5 Bxh5 46. Bxh5 Kd5 47. Kf5 Kd4 48. Bf3 Kc3 49. Bd5 Kb4 50. Kxe5 a4 51. bxa4 Kxa4 1/2-1/2

[Event "III Duchamp Open 2019"]
[Site "Rio de Janeiro"]
[Date "2019.12.13"]
[Round "9.11"]
[White "Rocha, Vitor Firmo de Souza"]
[Black "Molina, Roberto Junio Brito"]
[Result "0-1"]
[ECO "B12"]
[WhiteElo "2169"]
[BlackElo "2448"]
[Annotator "NA"]
[PlyCount "90"]
[EventDate "2019.12.07"]
[EventType "swiss"]
[EventCountry "BRA"]
[SourceTitle "playchess.com"]
[Source "ChessBase"]
[SourceQuality "1"]
[TimeControl "40/5400+30:1800+30"]

1. e4 c6 2. d4 d5 3. e5 Bf5 4. Nf3 e6 5. Be2 Nd7 6. O-O Bg6 7. Nbd2 Nh6 8. Nb3 Be7 9. a4 O-O 10. a5 Rc8 11. Bd2 c5 12. Nxc5 Nxc5 13. dxc5 Bxc5 14. c3 a6 15. g3 Nf5 16. Kg2 d4 17. Ne1 dxc3 18. bxc3 Rc7 19. Qc1 Qc8 20. Qb2 Rd8 21. Nf3 Ne7 22. Rfd1 Nc6 23. Bf4 Rcd7 24. Re1 h6 25. h3 Qc7 26. Qa2 Bd3 27. Bd1 Na7 28. g4 Nb5 29. Qb2 Qc6 30. g5 Be4 31. Be2 Rd3 32. Be3 Bxe3 33. Bxd3 Bxf3+ 34. Kg3 Bxg5 35. Be2 Bxe2 36. Qxe2 Nxc3 37. Qg4 Rd3+ 38. Kh2 Rf3 39. Kg1 Bd2 40. Red1 Nxd1 41. Rxd1 Bxa5 42. Rd6 Qc1+ 43. Kg2 Rf5 44. Qd4 Be1 45. Rd8+ Kh7 0-1

[Event "III Duchamp Open 2019"]
[Site "Rio de Janeiro"]
[Date "2019.12.13"]
[Round "9.12"]
[White "Carraro, Denise"]
[Black "Rodi, Luis Ernesto"]
[Result "0-1"]
[ECO "C75"]
[WhiteElo "2177"]
[BlackElo "2341"]
[Annotator "NA"]
[PlyCount "102"]
[EventDate "2019.12.07"]
[EventType "swiss"]
[EventCountry "BRA"]
[SourceTitle "playchess.com"]
[Source "ChessBase"]
[SourceQuality "1"]
[TimeControl "40/5400+30:1800+30"]

1. e4 e5 2. Nf3 Nc6 3. Bb5 a6 4. Ba4 d6 5. c3 Bd7 6. O-O g6 7. d4 Bg7 8. Re1 Nf6 9. Nbd2 Nh5 10. Nf1 O-O 11. Bg5 f6 12. Be3 Kh8 13. Qd2 Nxd4 14. cxd4 Bxa4 15. Qb4 Bb5 16. a4 Bxf1 17. Kxf1 exd4 18. Nxd4 c5 19. Ne6 cxb4 20. Nxd8 Raxd8 21. g4 f5 22. gxh5 Bxb2 23. Rab1 Bc3 24. Red1 fxe4 25. a5 Rf5 26. hxg6 hxg6 27. Bd4+ Bxd4 28. Rxd4 e3 29. Rb2 Rxa5 30. fxe3 Rf5+ 31. Ke2 a5 32. Kd3 Kg7 33. Rc4 Rc5 34. e4 b5 35. Rd4 Rc3+ 36. Ke2 Rh8 37. Kd1 b3 38. Rxd6 a4 39. Rg2 Kf7 40. Rgxg6 Rd3+ 41. Rxd3 Kxg6 42. Kc1 Rxh2 43. Rd6+ Kf7 44. Ra6 Ra2 45. Ra5 a3 46. Kb1 b4 47. Rf5+ Ke6 48. Rf3 Rb2+ 49. Ka1 Ke5 50. Re3 Kd4 51. Re1 Rc2 0-1

[Event "III Duchamp Open 2019"]
[Site "Rio de Janeiro"]
[Date "2019.12.13"]
[Round "9.13"]
[White "Gauche, Charles"]
[Black "Moura, Eduardo Eugenio Chav"]
[Result "0-1"]
[ECO "C41"]
[WhiteElo "2248"]
[BlackElo "2098"]
[Annotator "NA"]
[PlyCount "96"]
[EventDate "2019.12.07"]
[EventType "swiss"]
[EventCountry "BRA"]
[SourceTitle "playchess.com"]
[Source "ChessBase"]
[SourceQuality "1"]
[TimeControl "40/5400+30:1800+30"]

1. e4 d6 2. d4 Nf6 3. Nc3 e5 4. Nf3 Nbd7 5. h3 c6 6. Be3 b5 7. a3 a6 8. Be2 Be7 9. O-O O-O 10. Nd2 exd4 11. Bxd4 c5 12. Be3 Bb7 13. Bd3 Ne5 14. f4 Nxd3 15. cxd3 d5 16. e5 d4 17. exf6 Bxf6 18. Nde4 dxe3 19. Qe2 Bd4 20. f5 f6 21. Rf4 Qc7 22. Rh4 Rad8 23. Qh5 h6 24. Rg4 Kh8 25. Ne2 Bxe4 26. Rxe4 Bxb2 27. Re1 Be5 28. Rxe3 Qa5 29. Rf1 Qd2 30. Qf3 b4 31. axb4 cxb4 32. Kh1 a5 33. d4 Bd6 34. Rd3 Qb2 35. Rb3 Qd2 36. Rd3 Qa2 37. Rfd1 Rfe8 38. R1d2 Qa1+ 39. Rd1 Qa2 40. R1d2 Qc4 41. d5 a4 42. Rd4 Qc1+ 43. Rd1 Qe3 44. Qxe3 Rxe3 45. Nf4 a3 46. Ne6 Ra8 47. Nc7 Bxc7 48. d6 Bxd6 0-1

[Event "III Duchamp Open 2019"]
[Site "Rio de Janeiro"]
[Date "2019.12.13"]
[Round "9.14"]
[White "Donoso Diaz, Sebastian"]
[Black "Labussiere, Yago"]
[Result "1-0"]
[ECO "E71"]
[WhiteElo "2234"]
[BlackElo "2091"]
[Annotator "NA"]
[PlyCount "77"]
[EventDate "2019.12.07"]
[EventType "swiss"]
[EventCountry "BRA"]
[SourceTitle "playchess.com"]
[Source "ChessBase"]
[SourceQuality "1"]
[TimeControl "40/5400+30:1800+30"]

1. c4 g6 2. Nc3 Nf6 3. e4 d6 4. d4 Bg7 5. h3 O-O 6. Be3 Na6 7. Nf3 e5 8. d5 Nc5 9. Nd2 a5 10. g4 c6 11. Be2 Bd7 12. h4 a4 13. g5 Ne8 14. h5 cxd5 15. cxd5 Qb8 16. b4 axb3 17. axb3 Rxa1 18. Qxa1 gxh5 19. b4 Na6 20. b5 Nc5 21. b6 f5 22. f3 Qc8 23. Rxh5 fxe4 24. fxe4 Bg4 25. Rh4 Bd7 26. Bc4 Qd8 27. Qb1 h6 28. Rh2 hxg5 29. Bxc5 dxc5 30. d6+ Rf7 31. Bxf7+ Kxf7 32. Rf2+ Kg6 33. Nc4 Be6 34. Qd3 Bxc4 35. Qxc4 Nxd6 36. Qe6+ Bf6 37. Nd5 Ne8 38. Qg8+ Bg7 39. Qf7+ 1-0

[Event "III Duchamp Open 2019"]
[Site "Rio de Janeiro"]
[Date "2019.12.13"]
[Round "9.15"]
[White "Terao, Juliana Sayumi"]
[Black "Lopes, Artur Farias"]
[Result "1-0"]
[ECO "B50"]
[WhiteElo "2225"]
[BlackElo "1995"]
[Annotator "NA"]
[PlyCount "76"]
[EventDate "2019.12.07"]
[EventType "swiss"]
[EventCountry "BRA"]
[SourceTitle "playchess.com"]
[Source "ChessBase"]
[SourceQuality "1"]
[TimeControl "40/5400+30:1800+30"]

1. e4 c5 2. Nf3 d6 3. c3 Nf6 4. Bd3 g6 5. O-O Bg7 6. Re1 O-O 7. Bf1 e5 8. d4 Bg4 9. dxe5 Bxf3 10. Qxf3 dxe5 11. Na3 Nbd7 12. Bg5 a6 13. Rad1 Qc7 14. Nc4 Rae8 15. Rd2 b5 16. Ne3 c4 17. Red1 Re6 18. Nd5 Qb7 19. g3 Nxd5 20. Rxd5 Nb6 21. R5d2 f5 22. Bg2 f4 23. Qg4 Ree8 24. gxf4 exf4 25. Bxf4 Kh8 26. Bd6 Rg8 27. e5 Qc8 28. Qh4 Qf5 29. Bc7 Nc8 30. Rd7 g5 31. Qh5 Bxe5 32. Rf7 Qc2 33. Bxe5+ Rxe5 34. Rdd7 Re1+ 35. Bf1 Rxf1+ 36. Kxf1 Qb1+ 37. Kg2 Qe4+ 38. Qf3 Qh4 1-0

[Event "III Duchamp Open 2019"]
[Site "Rio de Janeiro"]
[Date "2019.12.13"]
[Round "9.16"]
[White "Gazola, Vanessa Ramos"]
[Black "Cezila Jr, Rubens"]
[Result "0-1"]
[ECO "E12"]
[WhiteElo "1990"]
[BlackElo "2191"]
[Annotator "NA"]
[PlyCount "36"]
[EventDate "2019.12.07"]
[EventType "swiss"]
[EventCountry "BRA"]
[SourceTitle "playchess.com"]
[Source "ChessBase"]
[SourceQuality "1"]
[TimeControl "40/5400+30:1800+30"]

1. d4 Nf6 2. c4 e6 3. Nf3 b6 4. a3 Ba6 5. Qc2 Bb7 6. Nc3 c5 7. Bg5 cxd4 8. Nxd4 Nc6 9. Nxc6 Bxc6 10. e4 h6 11. Bh4 Qb8 12. Bd3 Bd6 13. Bg3 O-O 14. Qe2 Be5 15. O-O d6 16. Rac1 Qb7 17. Rfe1 Rae8 18. Kh1 Nd7 0-1